[Event "Titled Tuesday Blitz June 27 Late 2023"]
[White "Morefield, Jason"]
[Black "Nihal Sarin"]
[WhiteFideId "30920825"]
[BlackFideId "25092340"]
[WhiteElo "2769"]
[BlackElo "3102"]
[Result "0-1"]
[Round "8"]
[TimeControl "180+2"]
[Date "2023.06.27"]
[WhiteClock "0:00:00"]
[BlackClock "0:01:04"]
[Board "14"]

1. e4 e5 2. Nf3 Nc6 3. Bb5 a6 4. Ba4 Nf6 5. O-O Be7 6. d3 b5 7. Bb3 d6 8. a4 Bd7 9. c3 O-O 10. Re1 b4 11. Nbd2 Rb8 12. Nc4 bxc3 13. bxc3 Be6 14. a5 h6 15. d4 exd4 16. cxd4 Bg4 17. Ba4 Bxf3 18. gxf3 Nb4 19. d5 Nd7 20. Be3 Ne5 21. Nxe5 dxe5 22. Rc1 Bd6 23. Kh1 f5 24. Rg1 Qh4 25. exf5 e4 26. Rg2 Nd3 27. Rc2 exf3 28. Qxf3 Ne1 29. Qg4 Nxg2 30. Qxg2 Rb1+ 31. Bc1 Qxa4 0-1


[Site "https://www.chess.com"]

[Event "Titled Tuesday Blitz June 27 Late 2023"]
[White "Cruz, Jonathan"]
[Black "Bluebaum, Matthias"]
[WhiteFideId "3802124"]
[BlackFideId "24651516"]
[WhiteElo "2780"]
[BlackElo "3055"]
[Result "0-1"]
[Round "8"]
[TimeControl "180+2"]
[Date "2023.06.27"]
[WhiteClock "0:00:25"]
[BlackClock "0:01:23"]
[Board "15"]

1. Nf3 d5 2. e3 Nf6 3. c4 e6 4. Nc3 Bd6 5. d4 O-O 6. Bd3 dxc4 7. Bxc4 Nc6 8. O-O e5 9. d5 Ne7 10. e4 a6 11. h3 Ng6 12. a4 Bd7 13. Re1 h6 14. Be3 Nh5 15. Nxe5 Nxe5 16. Be2 Nf6 17. f4 Ng6 18. e5 Nxe5 19. fxe5 Bxe5 20. Bf3 Bd6 21. Qd2 Re8 22. Rf1 Qe7 23. Rae1 Bc5 24. Bf2 Qd6 25. Rd1 Bxf2+ 26. Qxf2 Re7 27. Kh1 Rae8 28. Rd2 b5 29. axb5 axb5 30. Ne2 b4 31. Nd4 Re5 32. Nc6 Bxc6 33. dxc6 Qe7 34. Qd4 Re1 35. Rd1 Rxf1+ 36. Rxf1 Rd8 37. Qf2 Qe5 38. Re1 Qf4 39. Qg1 g6 40. Rf1 Kg7 41. Bg4 Qe5 42. Bf3 Qxb2 43. Qc5 Qd4 44. Qe7 Qd6 45. Qe3 Re8 46. Qb3 h5 47. Rb1 Rb8 48. Qc4 Qe5 49. Qd3 h4 50. Qb3 Ne4 51. Kg1 Nd2 52. Qb2 Qxb2 53. Rxb2 Nxf3+ 54. gxf3 Kf6 55. Kf2 Ke5 56. Ke3 Kd5 57. Kd3 b3 58. Kc3 Kxc6 59. Re2 b2 60. Rxb2 Rxb2 61. Kxb2 Kd5 62. Kc3 Ke5 63. Kd3 Kf4 64. Ke2 c5 65. Kf2 f5 66. Kg2 g5 67. Kf2 c4 68. Ke2 c3 69. Kd3 Kxf3 70. Kc2 Kg3 71. Kxc3 Kxh3 72. Kd3 Kg4 73. Kd4 Kf4 74. Kd5 g4 75. Ke6 g3 76. Kf6 h3 77. Ke6 h2 78. Kf6 g2 79. Ke6 Kg4 80. Kf6 f4 81. Ke6 f3 82. Kf6 f2 83. Ke6 f1=Q 84. Ke7 g1=Q 85. Ke6 h1=Q 86. Ke7 Qe4+ 87. Kd7 Qgd4+ 88. Kc7 Qfc4+ 89. Kb8 Qb6# 0-1


[Site "https://www.chess.com"]

[Event "Titled Tuesday Blitz June 27 Late 2023"]
[White "Tristan, Leonardo"]
[Black "Galperin, Platon"]
[WhiteFideId "113816"]
[BlackFideId "14165414"]
[WhiteElo "2767"]
[BlackElo "2984"]
[Result "1-0"]
[Round "8"]
[TimeControl "180+2"]
[Date "2023.06.27"]
[WhiteClock "0:00:32"]
[BlackClock "0:00:00"]
[Board "16"]

1. d4 Nf6 2. Nf3 g6 3. Bf4 Bg7 4. e3 O-O 5. Be2 c5 6. c3 d6 7. O-O Be6 8. Nbd2 Qb6 9. e4 Qxb2 10. d5 Nh5 11. Nc4 Qxc3 12. Rc1 Nxf4 13. Rxc3 Bxc3 14. dxe6 fxe6 15. g3 Nxe2+ 16. Qxe2 Nc6 17. Ng5 Nd4 18. Qg4 Rf6 19. f4 b5 20. e5 Rff8 21. Qh3 h5 22. Ne3 Bd2 23. Ng2 dxe5 24. Nxe6 Rf6 25. Nxc5 Ba5 26. Nd7 Rd6 27. fxe5 Ne2+ 28. Kh1 Rd3 29. Qe6+ Kg7 30. Qxe7+ Kh6 31. Nf8 Rxf8 32. Qxf8+ 1-0


[Site "https://www.chess.com"]

[Event "Titled Tuesday Blitz June 27 Late 2023"]
[White "Xiong, Jeffery"]
[Black "Nazari, Arad"]
[WhiteFideId "2047640"]
[BlackFideId "12577324"]
[WhiteElo "2917"]
[BlackElo "2758"]
[Result "1-0"]
[Round "8"]
[TimeControl "180+2"]
[Date "2023.06.27"]
[WhiteClock "0:00:54"]
[BlackClock "0:00:09"]
[Board "17"]

1. e4 c5 2. Nf3 d6 3. Nc3 Nf6 4. d4 cxd4 5. Qxd4 Nc6 6. Qd3 g6 7. Nd5 Bg7 8. c3 O-O 9. Bg5 Nxd5 10. exd5 Ne5 11. Nxe5 dxe5 12. Qd2 Qd6 13. Bc4 b6 14. O-O Bb7 15. a4 Rac8 16. Bb3 Rfd8 17. Rfd1 Ba6 18. a5 Bc4 19. Bxc4 Rxc4 20. axb6 axb6 21. Qd3 b5 22. Ra7 Bf6 23. Be3 e4 24. Qd2 b4 25. cxb4 Rxb4 26. Qc2 Qe5 27. b3 Rxd5 28. h3 Kg7 29. Ra4 Rxd1+ 30. Qxd1 Qb5 31. Qd2 h5 32. Rxb4 1-0


[Site "https://www.chess.com"]

[Event "Titled Tuesday Blitz June 27 Late 2023"]
[White "Durarbayli, Vasif"]
[Black "Troff, Kayden"]
[WhiteFideId "13402935"]
[BlackFideId "2047896"]
[WhiteElo "2914"]
[BlackElo "2737"]
[Result "1-0"]
[Round "8"]
[TimeControl "180+2"]
[Date "2023.06.27"]
[WhiteClock "0:00:12"]
[BlackClock "0:00:01"]
[Board "18"]

1. e4 c5 2. Nf3 g6 3. Bc4 Bg7 4. O-O Nc6 5. c3 e6 6. d4 cxd4 7. Nxd4 Nge7 8. Nb5 O-O 9. Nd6 a6 10. Bf4 b5 11. Bb3 b4 12. Qd2 a5 13. Ba4 Ba6 14. Rd1 Nc8 15. a3 Nb6 16. Bxc6 dxc6 17. axb4 axb4 18. cxb4 Nc4 19. Nxc4 Bxc4 20. Rxa8 Qxa8 21. Nc3 Bb3 22. Rc1 Rd8 23. Qe3 Bd4 24. Qg3 Qb7 25. Bd6 Qb6 26. e5 Bd5 27. h4 Bxc3 28. bxc3 h6 29. Qf4 Qb5 30. c4 Qa4 31. cxd5 cxd5 32. Qxh6 d4 33. h5 Qa3 34. hxg6 fxg6 35. Qxg6+ Kh8 36. Qh6+ Kg8 37. Qxe6+ Kh7 38. Qf7+ Kh6 39. Qf6+ Kh5 40. Qf5+ Kh6 41. Qf4+ Kg6 42. Qg4+ Kh6 43. Qh4+ Kg6 44. Qf6+ Kh5 45. Rd1 Qb3 46. Qf5+ Kh6 47. Rd3 Qb1+ 48. Kh2 Qc1 49. Rh3+ Kg7 50. Rh7+ 1-0


[Site "https://www.chess.com"]

[Event "Titled Tuesday Blitz June 27 Late 2023"]
[White "Fernandez, Daniel"]
[Black "Chigaev, Maksim"]
[WhiteFideId "2015390"]
[BlackFideId "4108116"]
[WhiteElo "2732"]
[BlackElo "2911"]
[Result "1/2-1/2"]
[Round "8"]
[TimeControl "180+2"]
[Date "2023.06.27"]
[WhiteClock "0:00:07"]
[BlackClock "0:00:04"]
[Board "19"]

1. d4 Nf6 2. Nc3 e6 3. Bf4 Bb4 4. Nf3 Ne4 5. Qd3 d5 6. a3 Bxc3+ 7. bxc3 c5 8. c4 O-O 9. e3 Nc6 10. Be2 Qa5+ 11. Kf1 b6 12. cxd5 exd5 13. dxc5 Qxc5 14. Nd4 a5 15. f3 Ba6 16. Nb5 Nf6 17. Kf2 Rfe8 18. Qc3 Qxc3 19. Nxc3 Bxe2 20. Nxe2 b5 21. Rhd1 b4 22. axb4 Nxb4 23. c3 Nc6 24. Bg5 Nd7 25. Rxd5 Nde5 26. e4 a4 27. Bc1 Nc4 28. Nd4 N6e5 29. Nb5 Rec8 30. Ke2 h6 31. h3 Ra6 32. f4 Ng6 33. Kd3 Ne7 34. Rd7 Nc6 35. Rc7 Nb6 36. Rxc8+ Nxc8 37. Nd4 N8a7 38. Ba3 g5 39. fxg5 Ne5+ 40. Kc2 hxg5 41. Bc5 Nac6 42. Nxc6 Nxc6 43. c4 f6 44. Kc3 Kf7 45. Ra3 Ke6 46. g3 Ra5 47. Bb4 Ra8 48. h4 gxh4 49. gxh4 Ke5 50. h5 Kxe4 51. h6 Rh8 52. Rxa4 Rxh6 53. Kb3 Rh3+ 54. Bc3 Nd4+ 55. Kb4 Nc6+ 56. Kb3 Nd4+ 57. Kb4 Nc6+ 58. Kb3 1/2-1/2


[Site "https://www.chess.com"]

[Event "Titled Tuesday Blitz June 27 Late 2023"]
[White "Zhigalko, Sergei"]
[Black "Barp, Alberto"]
[WhiteFideId "13502956"]
[BlackFideId "872555"]
[WhiteElo "2887"]
[BlackElo "2730"]
[Result "1-0"]
[Round "8"]
[TimeControl "180+2"]
[Date "2023.06.27"]
[WhiteClock "0:00:20"]
[BlackClock "0:00:55"]
[Board "20"]

1. e4 e5 2. Nf3 Nc6 3. Bc4 Bc5 4. b3 Nf6 5. Nc3 a6 6. a4 d6 7. h3 O-O 8. O-O Ba7 9. d3 h6 10. Be3 Nd4 11. Bxd4 exd4 12. Ne2 d5 13. exd5 Nxd5 14. Re1 Ne7 15. Ne5 Bc5 16. Nf4 Qd6 17. Qh5 Qf6 18. Nxf7 Rxf7 19. Qxc5 Qxf4 20. Rxe7 Qxf2+ 21. Kh1 Bxh3 22. Bxf7+ Kh8 23. Qd5 Qh4 24. Re4 Qf6 25. Kg1 Rd8 26. Qxd8+ Qxd8 27. Re8+ Qxe8 28. Bxe8 1-0


[Site "https://www.chess.com"]

[Event "Titled Tuesday Blitz June 27 Late 2023"]
[White "Korchmar, Vasiliy"]
[Black "Ibarra Jerez, Jose Carlos"]
[WhiteFideId "24131750"]
[BlackFideId "2226332"]
[WhiteElo "2699"]
[BlackElo "2885"]
[Result "1-0"]
[Round "8"]
[TimeControl "180+2"]
[Date "2023.06.27"]
[WhiteClock "0:00:05"]
[BlackClock "0:00:00"]
[Board "21"]

1. e4 e6 2. d4 d5 3. e5 c5 4. c3 Qb6 5. Nf3 Nc6 6. Be2 cxd4 7. cxd4 Nh6 8. Bxh6 Qxb2 9. Nbd2 gxh6 10. Rb1 Qa3 11. O-O Bg7 12. Re1 O-O 13. Nf1 f6 14. exf6 Rxf6 15. Ng3 Rf7 16. Nh5 Bf8 17. Rb3 Qd6 18. Bb5 Rf5 19. Bxc6 bxc6 20. Ne5 Qe7 21. Rg3+ Kh8 22. f4 Qh4 23. Rh3 Qe7 24. Rg3 Qh4 25. Rh3 Qe7 26. Qg4 Qb4 27. Rd1 Qe7 28. Rg3 Bg7 29. Nxg7 Rf8 30. Nh5 Ba6 31. Ng6+ hxg6 32. Qxg6 Qh7 33. Qxe6 Rae8 34. Qxc6 Be2 35. Nf6 Qf5 36. Nxe8 Qxf4 37. Qc1 Qf2+ 38. Kh1 Rf6 39. Nxf6 Qxf6 40. Re1 Bd3 41. Qe3 Be4 42. h3 Qe6 43. Kh2 Kh7 44. Re2 a5 45. Rf2 Qd6 46. Qf4 1-0


[Site "https://www.chess.com"]

[Event "Titled Tuesday Blitz June 27 Late 2023"]
[White "Hansen, Eric"]
[Black "Gokerkan, Cem Kaan"]
[WhiteFideId "2606771"]
[BlackFideId "6336760"]
[WhiteElo "2880"]
[BlackElo "2707"]
[Result "0-1"]
[Round "8"]
[TimeControl "180+2"]
[Date "2023.06.27"]
[WhiteClock "0:00:00"]
[BlackClock "0:00:03"]
[Board "22"]

1. d4 Nf6 2. c4 g6 3. Nc3 Bg7 4. Bg5 O-O 5. e3 c5 6. d5 e6 7. Nf3 exd5 8. cxd5 d6 9. h3 Re8 10. Bb5 Nbd7 11. a4 a6 12. Be2 Ne5 13. Nd2 h6 14. Bh4 Qb6 15. Qc2 Bf5 16. e4 g5 17. Bg3 Bg6 18. Bxe5 dxe5 19. Nc4 Qd8 20. Rd1 b5 21. axb5 axb5 22. Nd2 b4 23. Na4 b3 24. Qc4 Qa5 25. Nc3 Qb4 26. O-O h5 27. Rfe1 g4 28. hxg4 hxg4 29. Bf1 Bh6 30. Nxb3 Reb8 31. Nxc5 g3 32. Qxb4 gxf2+ 33. Kxf2 Rxb4 34. Nd3 Nxe4+ 35. Nxe4 Rxe4 36. Nxe5 Rf4+ 37. Kg3 Bh5 38. Be2 Bxe2 39. Rxe2 Rb8 40. Rd3 Rf5 41. d6 Bf4+ 42. Kg4 Rxe5 43. Rc2 Bg5 44. d7 Rd8 45. Rc8 Kg7 46. b4 Be7 47. Rd4 Rb5 48. Kf4 Rb7 49. Rxd8 Bxd8 50. Kf5 Rb5+ 51. Ke4 Kf6 52. Kd3 Ke6 53. Kc4 Rb7 54. g4 Rc7+ 55. Kb5 Rxd7 56. Re4+ Kf6 57. Kc6 Rd1 58. b5 Rc1+ 59. Kd7 Bb6 60. Rf4+ Kg6 61. Re4 Bg1 62. Kd6 Rb1 63. Kc6 f6 64. Rc4 Be3 65. Re4 Bf2 66. Rc4 Bg1 67. Re4 Kg5 68. Rc4 Be3 69. Re4 Bf4 70. b6 Kxg4 71. b7 f5 72. Re8 Kf3 73. Rf8 Ke4 74. Re8+ Be5 75. Rg8 f4 0-1


[Site "https://www.chess.com"]

[Event "Titled Tuesday Blitz June 27 Late 2023"]
[White "Vetoshko, Volodymyr"]
[Black "Holt, Conrad"]
[WhiteFideId "14122480"]
[BlackFideId "2034387"]
[WhiteElo "2684"]
[BlackElo "2877"]
[Result "0-1"]
[Round "8"]
[TimeControl "180+2"]
[Date "2023.06.27"]
[WhiteClock "0:00:00"]
[BlackClock "0:00:55"]
[Board "23"]

1. e4 e6 2. d4 d5 3. Nd2 c5 4. exd5 Qxd5 5. dxc5 Qxc5 6. Ngf3 Nf6 7. Bd3 Nbd7 8. O-O Qc7 9. a3 Nc5 10. Bb5+ Bd7 11. Bxd7+ Ncxd7 12. b4 a5 13. b5 Qc3 14. Rb1 Be7 15. Bb2 Qc7 16. c4 O-O 17. Qe2 a4 18. Ne4 Rfd8 19. Rfd1 Rac8 20. Rbc1 Nxe4 21. Qxe4 Nc5 22. Qg4 Bf8 23. Be5 Qe7 24. Bc3 Nb3 25. Rxd8 Rxd8 26. Re1 Qxa3 27. h4 Qe7 28. h5 h6 29. Re5 Rd3 30. Bb2 a3 31. Bxa3 Qxa3 32. Rxe6 Rxf3 33. gxf3 fxe6 34. Qxe6+ Kh8 35. Qf7 Qe7 0-1


[Site "https://www.chess.com"]

[Event "Titled Tuesday Blitz June 27 Late 2023"]
[White "Erdogmus, Yagiz Kaan"]
[Black "Boyer, Mahel"]
[WhiteFideId "44599790"]
[BlackFideId "45102422"]
[WhiteElo "2869"]
[BlackElo "2698"]
[Result "0-1"]
[Round "8"]
[TimeControl "180+2"]
[Date "2023.06.27"]
[WhiteClock "0:00:02"]
[BlackClock "0:00:20"]
[Board "24"]

1. e4 Nc6 2. d4 d5 3. Nc3 dxe4 4. d5 Nb8 5. Nxe4 c6 6. c4 e6 7. Nc3 Nf6 8. Nf3 exd5 9. cxd5 cxd5 10. Bb5+ Nc6 11. O-O Be7 12. Ne5 Bd7 13. Nxd7 Qxd7 14. Bg5 a6 15. Ba4 Rd8 16. Bxf6 Bxf6 17. Re1+ Kf8 18. Rc1 g6 19. Qf3 Kg7 20. Bb3 Ne5 21. Qg3 d4 22. Nd5 Rhe8 23. Rcd1 Qf5 24. Nc7 Re7 25. Nd5 Red7 26. f4 Ng4 27. h3 Ne3 28. Nxe3 dxe3 29. Rxd7 Rxd7 30. Kh2 Bd4 31. Qf3 Ba7 32. g4 Rd2+ 33. Re2 Rxe2+ 34. Qxe2 Qxf4+ 35. Kg2 Bb8 36. Qf3 Qh2+ 37. Kf1 Bf4 38. Ke1 Bg3+ 39. Kd1 Qd2# 0-1


[Site "https://www.chess.com"]

[Event "Titled Tuesday Blitz June 27 Late 2023"]
[White "De La Villa Garcia, Jesus Maria"]
[Black "Mekhitarian, Krikor Sevag"]
[WhiteFideId "2200040"]
[BlackFideId "2107660"]
[WhiteElo "2664"]
[BlackElo "2868"]
[Result "1-0"]
[Round "8"]
[TimeControl "180+2"]
[Date "2023.06.27"]
[WhiteClock "0:00:06"]
[BlackClock "0:00:00"]
[Board "25"]

1. c4 c5 2. Nf3 Nc6 3. d4 cxd4 4. Nxd4 Nf6 5. Nc3 e6 6. g3 Qb6 7. Nb3 Ne5 8. e4 Bb4 9. Qe2 d6 10. Bd2 O-O 11. f4 Nc6 12. Be3 Bxc3+ 13. bxc3 Qc7 14. Bg2 b6 15. O-O Bb7 16. Bf2 Rac8 17. Rfd1 Rfd8 18. Rd2 Ba6 19. Rad1 e5 20. f5 Ne7 21. g4 Bxc4 22. Qf3 d5 23. exd5 Bxd5 24. Qd3 Rd7 25. Qb5 Bc6 26. Rxd7 Nxd7 27. Qd3 Nb8 28. Bh3 f6 29. g5 Bd7 30. gxf6 gxf6 31. Bh4 Qc6 32. Qg3+ Kh8 33. Bg2 Rg8 34. Bxc6 Rxg3+ 35. hxg3 Nexc6 36. Bxf6+ Kg8 37. g4 Kf7 38. Bh4 h5 39. gxh5 Bxf5 40. h6 Kg6 41. Rd6+ Kh7 42. Bg5 a5 43. Rf6 Bg6 44. Rf8 a4 45. Nd2 Nd7 46. Rc8 Na5 47. Rc7 Bf5 48. Ne4 Kg6 49. Ng3 Bb1 50. Rxd7 Kxg5 51. h7 Bxh7 52. Rxh7 Nc4 53. Ra7 b5 54. Rb7 Na3 55. Ne4+ Kf4 56. Nd6 Nb1 57. Nxb5 Nd2 58. Ra7 e4 59. Rxa4 Kf3 60. Nd4+ Ke3 61. Nf5+ Kd3 62. c4 Nb1 63. Ra8 Nc3 64. Rd8+ Kxc4 65. Rc8+ Kb4 66. Rd8 Kc4 67. Kf2 Nxa2 68. Ne3+ Kc5 69. Re8 Nb4 70. Rxe4 Nc6 71. Rh4 Nd4 72. Rh5+ Kc6 73. Nf5 Ne6 74. Ke3 Kd7 75. Nd4 Ng7 76. Rh7 1-0


[Site "https://www.chess.com"]

[Event "Titled Tuesday Blitz June 27 Late 2023"]
[White "Aldokhin, Ivan"]
[Black "Krzyzanowski, Marcin"]
[WhiteFideId "24115720"]
[BlackFideId "1132199"]
[WhiteElo "2630"]
[BlackElo "2842"]
[Result "0-1"]
[Round "8"]
[TimeControl "180+2"]
[Date "2023.06.27"]
[WhiteClock "0:00:00"]
[BlackClock "0:00:23"]
[Board "26"]

1. e4 c5 2. Nf3 Nc6 3. d4 cxd4 4. Nxd4 e5 5. Nb5 d6 6. N1c3 a6 7. Na3 Be6 8. g3 Nf6 9. Bg2 Be7 10. O-O Rc8 11. Nd5 Bxd5 12. exd5 Nb8 13. c4 O-O 14. Be3 Nbd7 15. b4 a5 16. Qb3 axb4 17. Qxb4 Ng4 18. Bd2 Nc5 19. Bh3 f5 20. f3 Nh6 21. Be3 Bg5 22. Bxc5 Rxc5 23. Qxb7 Qa5 24. Qb3 Rfc8 25. Nb5 Rxc4 26. Kh1 Rb4 27. Nxd6 Rxb3 28. axb3 Qd8 29. Nxc8 Qxc8 30. f4 exf4 31. gxf4 Be7 32. Rfc1 Qd7 33. Ra8+ Kf7 34. Bg2 Ng4 35. Rac8 Qb5 36. R8c7 Qb6 37. R1c6 Nf2+ 38. Kg1 Nh3+ 0-1


[Site "https://www.chess.com"]

[Event "Titled Tuesday Blitz June 27 Late 2023"]
[White "Vdovin, Vadim"]
[Black "Harshavardhan G B"]
[WhiteFideId "24107158"]
[BlackFideId "25059009"]
[WhiteElo "2616"]
[BlackElo "2815"]
[Result "0-1"]
[Round "8"]
[TimeControl "180+2"]
[Date "2023.06.27"]
[WhiteClock "0:00:00"]
[BlackClock "0:01:26"]
[Board "27"]

1. e4 e5 2. Nf3 Nc6 3. Bb5 a6 4. Ba4 d6 5. O-O Bg4 6. h3 h5 7. d4 b5 8. Bb3 Nxd4 9. hxg4 Nxb3 10. axb3 hxg4 11. Ng5 Qd7 12. Nc3 c6 13. Be3 f6 14. f4 exf4 15. Rxf4 Nh6 16. Nxb5 fxg5 17. Rxf8+ Kxf8 18. Nxd6 Kg8 19. Qd4 Nf7 20. e5 Qe6 21. Rf1 Nxe5 22. Bxg5 g3 23. Nf5 Rh5 24. Ne7+ Kh8 25. Qe4 Rxg5 26. Qh4+ Qh6 27. Qxh6+ gxh6 0-1


[Site "https://www.chess.com"]

[Event "Titled Tuesday Blitz June 27 Late 2023"]
[White "Leenhouts, Koen"]
[Black "Bazeev, German"]
[WhiteFideId "1008439"]
[BlackFideId "24119350"]
[WhiteElo "2556"]
[BlackElo "2812"]
[Result "1/2-1/2"]
[Round "8"]
[TimeControl "180+2"]
[Date "2023.06.27"]
[WhiteClock "0:00:54"]
[BlackClock "0:01:17"]
[Board "28"]

1. d4 Nf6 2. c4 e6 3. Nc3 Bb4 4. Qc2 d5 5. cxd5 Qxd5 6. e3 O-O 7. Bd2 Bxc3 8. Bxc3 c5 9. dxc5 Qxc5 10. Bd3 e5 11. Nf3 Nc6 12. O-O Qe7 13. Ng5 h6 14. Nh7 Rd8 15. Nxf6+ Qxf6 16. Be4 Be6 17. Bxc6 bxc6 18. f4 Qf5 19. Qxf5 Bxf5 20. Bxe5 Rd2 21. Rf2 Rad8 22. Bc3 Rxf2 23. Kxf2 Rd3 24. Re1 Be4 25. Re2 f6 26. Rd2 Rxd2+ 27. Bxd2 Kf7 28. Bb4 h5 29. g3 Ke6 30. Ke2 Kf5 31. Kf2 Kg4 32. a4 a6 33. a5 Kh3 34. Kg1 g6 35. Be7 f5 36. Bc5 Bd5 37. Bd4 Be4 38. Bc3 Bd5 39. Bd4 Be4 40. Bc3 Kg4 41. Kf2 Kh3 42. Kg1 1/2-1/2


[Site "https://www.chess.com"]

[Event "Titled Tuesday Blitz June 27 Late 2023"]
[White "Perez Ponsa, Federico"]
[Black "Krishnan, Varun"]
[WhiteFideId "117927"]
[BlackFideId "5054508"]
[WhiteElo "2809"]
[BlackElo "2555"]
[Result "1/2-1/2"]
[Round "8"]
[TimeControl "180+2"]
[Date "2023.06.27"]
[WhiteClock "0:00:23"]
[BlackClock "0:00:04"]
[Board "29"]

1. d4 g6 2. Nf3 Bg7 3. Bf4 d6 4. e3 Nd7 5. h3 e5 6. Bh2 e4 7. Nfd2 Ngf6 8. c4 O-O 9. Nc3 Re8 10. Qc2 c5 11. d5 Ne5 12. Be2 Bf5 13. g4 Nd3+ 14. Kf1 Nb4 15. Qd1 Bc8 16. g5 Nd7 17. Ndxe4 Ne5 18. Nb5 Bxh3+ 19. Ke1 Nxc4 20. Bxc4 Rxe4 21. Nxd6 Rh4 22. a3 Bg2 23. axb4 Bxh1 24. Bg3 Rh5 25. bxc5 Bxb2 26. Rb1 Be4 27. Qxh5 Qa5+ 28. Kf1 Bxb1 29. Qf3 Rf8 30. Nxf7 Qxc5 31. Nh6+ Kg7 32. Qg4 b5 33. Qd7+ Kh8 34. Be2 Be4 35. Kg1 Qc1+ 36. Bf1 Bd3 37. Qe7 Qxf1+ 38. Kh2 Rxf2+ 39. Bxf2 Qxf2+ 40. Kh1 Qf3+ 41. Kh2 Qf2+ 42. Kh1 Qf1+ 43. Kh2 Qe2+ 44. Kg1 Qe1+ 45. Kh2 Qh4+ 46. Kg1 Qg3+ 47. Kh1 Qh3+ 48. Kg1 Qf1+ 49. Kh2 Qf2+ 1/2-1/2


[Site "https://www.chess.com"]

[Event "Titled Tuesday Blitz June 27 Late 2023"]
[White "Osmak, Yuliia"]
[Black "Tiglon, Bryce"]
[WhiteFideId "14101602"]
[BlackFideId "2087456"]
[WhiteElo "2525"]
[BlackElo "2801"]
[Result "1-0"]
[Round "8"]
[TimeControl "180+2"]
[Date "2023.06.27"]
[WhiteClock "0:00:14"]
[BlackClock "0:00:00"]
[Board "30"]

1. e4 g6 2. d4 Bg7 3. Nc3 d6 4. f4 Nc6 5. Be3 Nf6 6. Nf3 O-O 7. Be2 Bg4 8. O-O Nd7 9. d5 Bxf3 10. Bxf3 Na5 11. Bd4 c5 12. Bxg7 Kxg7 13. b3 a6 14. a4 Qb6 15. Kh1 c4 16. Rb1 cxb3 17. cxb3 Rac8 18. Ne2 Rc7 19. Bg4 Nf6 20. Bf3 Qb4 21. Qd4 Qxd4 22. Nxd4 Nd7 23. Rfc1 Rfc8 24. Rxc7 Rxc7 25. b4 Nc4 26. Rc1 b5 27. axb5 axb5 28. Nxb5 Rb7 29. Rxc4 Rxb5 30. h4 h5 31. Rc7 Nb6 32. Rxe7 Kf8 33. Rb7 Rxb4 34. Rc7 Nc4 35. Kh2 1-0


[Site "https://www.chess.com"]

[Event "Titled Tuesday Blitz June 27 Late 2023"]
[White "Ohanyan, Emin"]
[Black "Sukandar, Irine Kharisma"]
[WhiteFideId "13312022"]
[BlackFideId "7101937"]
[WhiteElo "2795"]
[BlackElo "2478"]
[Result "1-0"]
[Round "8"]
[TimeControl "180+2"]
[Date "2023.06.27"]
[WhiteClock "0:00:10"]
[BlackClock "0:00:57"]
[Board "31"]

1. d4 Nf6 2. c4 c5 3. d5 b5 4. cxb5 a6 5. e3 g6 6. Nc3 Bg7 7. Nf3 O-O 8. a4 axb5 9. Bxb5 d6 10. O-O Ba6 11. Bd2 Bxb5 12. axb5 Nbd7 13. e4 Nb6 14. Qb3 Qc7 15. Ra6 Nfd7 16. Rfa1 f5 17. Ng5 c4 18. Qc2 Nc5 19. Rxa8 Nxa8 20. Be3 h6 21. Ne6 Nxe6 22. dxe6 Bxc3 23. Qxc3 f4 24. Bd4 Qb7 25. Bh8 Rf6 26. Bxf6 exf6 27. Qxf6 Qxe4 28. Qf7+ Kh8 29. Qf8+ Kh7 30. Ra7+ 1-0


[Site "https://www.chess.com"]

[Event "Titled Tuesday Blitz June 27 Late 2023"]
[White "Andreikin, Dmitry"]
[Black "Vaibhav Jayant Raut"]
[WhiteFideId "4158814"]
[BlackFideId "5089034"]
[WhiteElo "3005"]
[BlackElo "2632"]
[Result "1-0"]
[Round "8"]
[TimeControl "180+2"]
[Date "2023.06.27"]
[WhiteClock "0:02:24"]
[BlackClock "0:01:55"]
[Board "32"]

1. e4 c5 2. Nf3 e6 3. d4 cxd4 4. Nxd4 a6 5. Bd3 Ne7 6. O-O Nbc6 7. Nxc6 Nxc6 8. Qg4 Ne5 9. Qg3 Nxd3 10. cxd3 b5 11. Bf4 Bb7 12. a4 h6 13. axb5 axb5 14. Nc3 Rxa1 15. Rxa1 Qb6 16. Be5 Bc5 17. Bxg7 Rg8 18. Qb8+ Qd8 19. Qxb7 Rxg7 20. Ra8 1-0


[Site "https://www.chess.com"]

[Event "Titled Tuesday Blitz June 27 Late 2023"]
[White "Nefedov, Sergey"]
[Black "He, Anthony"]
[WhiteFideId "24113417"]
[BlackFideId "2088215"]
[WhiteElo "2592"]
[BlackElo "2978"]
[Result "0-1"]
[Round "8"]
[TimeControl "180+2"]
[Date "2023.06.27"]
[WhiteClock "0:00:00"]
[BlackClock "0:00:10"]
[Board "33"]

1. d4 Nf6 2. Nf3 g6 3. c4 Bg7 4. Nc3 d5 5. e3 O-O 6. Qb3 c6 7. Bd2 dxc4 8. Bxc4 b5 9. Be2 a6 10. O-O Be6 11. Qc2 Nbd7 12. e4 Bg4 13. Rad1 Bxf3 14. Bxf3 e5 15. Be3 exd4 16. Bxd4 Qe7 17. Rfe1 Ne5 18. Be2 Rad8 19. f3 Rxd4 20. Rxd4 Qc5 21. Rd1 b4 22. Kh1 bxc3 23. Qxc3 Qe7 24. Bxa6 Nh5 25. Qc1 Qh4 26. Kg1 Nf4 27. R4d2 Bh6 28. Qc3 Re8 29. Bf1 Qf6 30. a4 Bf8 31. a5 c5 32. Kh1 h5 33. a6 h4 34. a7 Ra8 35. Ra1 Ne6 36. Rd5 Bg7 37. Bb5 h3 38. Rxe5 hxg2+ 39. Kxg2 Qf4 40. Qc1 Bxe5 41. Qxf4 Nxf4+ 42. Kf1 Bxb2 43. Ra2 c4 44. Bc6 Rxa7 45. Rxa7 c3 46. Ba4 Nd3 47. Ke2 Nf4+ 48. Kf1 Ne6 49. Ke2 Kg7 50. Kd3 Kf6 51. Bc2 Ng5 52. Ke3 Ne6 53. f4 Bc1+ 54. Kf3 Nd4+ 55. Kg4 Nxc2 56. e5+ Ke6 57. Rc7 Bd2 58. Rc6+ Kd5 59. Rc7 Ne3+ 60. Kf3 c2 0-1


[Site "https://www.chess.com"]

[Event "Titled Tuesday Blitz June 27 Late 2023"]
[White "Fantinel, Thibault"]
[Black "Hamidi, Amir Mohammad"]
[WhiteFideId "663395"]
[BlackFideId "12563285"]
[WhiteElo "2590"]
[BlackElo "2817"]
[Result "1-0"]
[Round "8"]
[TimeControl "180+2"]
[Date "2023.06.27"]
[WhiteClock "0:00:12"]
[BlackClock "0:00:02"]
[Board "34"]

1. c4 d6 2. g3 g6 3. Bg2 Bg7 4. Nc3 Nc6 5. d3 e5 6. e4 Nge7 7. Nge2 h6 8. O-O O-O 9. Be3 Be6 10. Qd2 Kh7 11. Nd5 f5 12. Rae1 Qd7 13. b3 Rf7 14. b4 Raf8 15. b5 Bxd5 16. exd5 Nd8 17. f4 c6 18. bxc6 bxc6 19. Rb1 cxd5 20. cxd5 Qa4 21. Rb4 Qa5 22. Rc4 Qa3 23. Rc7 Ng8 24. Rfc1 Nf6 25. fxe5 dxe5 26. Bc5 Qa4 27. Bxf8 Rxf8 28. Qc2 Qa6 29. Qc4 Qa3 30. Qc5 Qxc5+ 31. R1xc5 Ne8 32. Rxa7 Nf7 33. a4 Nfd6 34. Rc6 e4 35. dxe4 fxe4 36. Rd7 Nf7 37. Bxe4 Ne5 38. Re7 Nxc6 39. dxc6 Nf6 40. Bg2 Rc8 41. a5 Ng8 42. Rb7 Kh8 43. a6 Bf8 44. a7 Bc5+ 45. Kf1 Rd8 46. Ke1 Rc8 47. Nf4 Nf6 48. Nxg6+ Kg8 49. Rb8 1-0


[Site "https://www.chess.com"]

[Event "Titled Tuesday Blitz June 27 Late 2023"]
[White "Haydon, David L"]
[Black "Janaszak, Dawid"]
[WhiteFideId "415405"]
[BlackFideId "1119206"]
[WhiteElo "2811"]
[BlackElo "2583"]
[Result "1-0"]
[Round "8"]
[TimeControl "180+2"]
[Date "2023.06.27"]
[WhiteClock "0:00:20"]
[BlackClock "0:00:00"]
[Board "35"]

1. d4 d5 2. Nc3 e6 3. Bf4 Bd6 4. e3 a6 5. Nf3 b5 6. Bd3 Nf6 7. a4 b4 8. Ne2 O-O 9. c3 Ne4 10. Qc2 Bb7 11. c4 Nd7 12. c5 Bxf4 13. Nxf4 Ndf6 14. h4 Rb8 15. Ng5 b3 16. Qe2 a5 17. Rh3 h6 18. Nf3 Ng4 19. Bxe4 dxe4 20. Nd2 f5 21. Nxe6 Qf6 22. Nxf8 Rxf8 23. f3 Ba6 24. Nc4 exf3 25. Rxf3 Qxh4+ 26. Kd2 Qg5 27. Kc3 Re8 28. Re1 Qg6 29. Qd3 Rf8 30. e4 Qc6 31. Nxa5 Qa8 32. Qd1 Be2 33. Qxb3+ Kh8 34. Rxe2 Qxa5+ 35. Qb4 Qa6 36. Kd2 Rd8 37. Rxf5 Nf6 38. d5 c6 39. d6 Nd7 40. Qc3 Rb8 41. Rf7 Rg8 42. Rxd7 Qxa4 43. Rf2 Qxe4 44. Re7 Qh4 45. Qe3 Qb4+ 46. Ke2 Qc4+ 47. Ke1 Qb4+ 48. Kf1 Qc4+ 49. Kg1 1-0


[Site "https://www.chess.com"]